 Dungeon Crawl Stone Soup version 0.21.1-1-g345015f (webtiles) character file.

503976 Falco the Imperceptible (level 24, -2/144 HPs)
             Began as a Spriggan Assassin on May 11, 2018.
             Was a High Priest of Okawaru.
             Slain by a soul eater (4 damage)
             ... created by the power of Zot
             ... while paralysed by the power of Zot
             ... on level 4 of the Depths on May 19, 2018.
             The game lasted 18:32:57 (74587 turns).

Falco the Imperceptible (Spriggan Assassin)        Turns: 74587, Time: 18:32:58

Health: -2/144     AC: 11    Str: 18      XL:     24   Next: 10%
Magic:  24/37      EV:  4    Int: 14      God:    Okawaru [*****.]
Gold:   3851       SH:  0    Dex: 23 (26) Spells: 2/42 levels left

rFire    . . .     SeeInvis +   a - +9 short sword (drain)
rCold    + + +     Gourm    .   P - +3 buckler {AC+3}
rNeg     . . .     Faith    .   E - +2 robe of Vines {NoPotionHeal Regen+7}
rPois    +         Spirit   .   S - +2 hat {SInv}
rElec    .         Reflect  .   R - +2 cloak {+Inv}
rCorr    .         Harm     .   (gloves unavailable)
MR       ++++.                  (boots unavailable)
Stlth    ++++++++++             r - amulet of Vitality {Regen+ HP+15}
HPRegen  3.54/turn              q - +5 ring of strength
MPRegen  0.25/turn              e - ring of Compulsion {rPois rC+++}

@: paralysed, agile, lethally poisoned (-2 -> -2), heroism, finesse, singing,
drained, very quick
A: very small, unfitting armour, see invisible, deformed body, herbivore, speed
3, slow metabolism 2
}: 2/15 runes: serpentine, barnacled
a: Heroism, Finesse, Renounce Religion, Evoke Invisibility


You were on level 4 of the Depths.
You worshipped Okawaru.
Okawaru was extremely pleased with you.
You were not hungry.

You visited 8 branches of the dungeon, and saw 41 of its levels.
You also visited: Labyrinth, Trove and Ice Cave.

You collected 6334 gold pieces.
You spent 2483 gold pieces at shops.

Inventory:

Hand Weapons
 a - a +9 short sword of draining (weapon)
 b - the +0 fustibalus of the Horn {venom, rF+ Str+4}
   (Okawaru gifted it to you on level 2 of the Shoals)

   It poisons the ammo it fires.
   It affects your strength (+4).
   It protects you from fire.
 h - a +3 eudemon blade of holy wrath
 l - the +8 scimitar "Heonuob" {slice, rPois rN+ MR++}
   (You took it off a vampire knight on level 2 of the Depths)

   It inflicts extra damage upon your enemies.
   It protects you from poison.
   It protects you from negative energy.
   It affects your resistance to hostile enchantments.
 v - the +0 flail of the Five Wonders {holy, rC+ Str+8 Dex-2}
   (You found it on level 3 of the Depths)

   It has been blessed by the Shining One to cause great damage to the undead
   and demons.
   It affects your strength (+8).
   It affects your dexterity (-2).
   It protects you from cold.
 T - a +7 blowgun
Missiles
 c - a throwing net
 L - 223 sling bullets
 M - 16 curare-tipped needles
 O - 15 needles of sleeping
 Q - 21 tomahawks of returning (quivered)
 U - 10 needles of paralysis
 Z - 4 tomahawks of dispersal
Armour
 w - a scarf of cloud immunity
 E - the +2 robe of Vines (worn) {NoPotionHeal Regen+7}
   (You acquired it on level 2 of the Orcish Mines)

   It increases your rate of regeneration.
 P - a +3 buckler of protection (worn)
 R - a +2 cloak of invisibility (worn)
 S - a +2 hat of see invisible (worn)
Jewellery
 d - an uncursed ring of wizardry
 e - the ring of Compulsion (right hand) {rPois rC+++}
   (You found it on level 1 of the Depths)

   [ring of poison resistance]

   It renders you almost immune to cold.
   It protects you from poison.
 f - the ring of Qudos {Int+2 Dex+3 SInv}
   (You found it on level 3 of the Depths)

   [ring of intelligence]

   It affects your intelligence (+2).
   It affects your dexterity (+3).
   It lets you see invisible.
 n - the amulet of Darkness {RegenMP +Fly rC- Int+2}
   (You found it in a treasure trove)

   [amulet of magic regeneration]

   It increases your magic regeneration.
   It affects your intelligence (+2).
   It makes you vulnerable to cold.
   It lets you fly.
 q - a +5 ring of strength (left hand)
 r - the amulet of Vitality (around neck) {Regen+ HP+15}
   (You took it off a crimson imp on level 7 of the Dungeon)

   [amulet of regeneration]

   It affects your health (+15).
   It increases your rate of regeneration.
 K - the ring "Bonaih" {rF++ Dex+4 Stlth+}
   (You found it in a treasure trove)

   [ring of stealth]

   It affects your dexterity (+4).
   It greatly protects you from fire.
   It makes you more stealthy.
Wands
 m - a wand of flame (36)
 u - a wand of digging (66)
 D - a wand of iceblast (7)
 F - a wand of acid (10)
Scrolls
 i - a scroll of blinking
 p - 16 scrolls of remove curse
 H - a scroll of teleportation
 W - a scroll of fog
Potions
 j - 13 potions of curing
 k - a potion of agility
 t - 2 potions of haste
 x - 2 potions of resistance
 C - 6 potions of ambrosia
 I - 6 potions of berserk rage
 J - 3 potions of brilliance
 X - 2 potions of flight
Books
 y - the Almanac of the Frigorific Arsonist
   (You found it on level 4 of the Depths)

   Spells                             Type                      Level
   a - Flame Tongue                   Conjuration/Fire             1
   b - Freeze                         Ice                          1
   c - Bolt of Fire                   Conjuration/Fire             6
   d - Bolt of Cold                   Conjuration/Ice              6
   e - Simulacrum                     Ice/Necromancy               6
 A - a book of Alchemy

   Spells                             Type                      Level
   a - Sublimation of Blood           Necromancy                   2
   b - Ignite Poison                  Fire/Transmutation/Poison    3
   c - Petrify                        Transmutation/Earth          4
   d - Alistair's Intoxication        Transmutation/Poison         5
   e - Irradiate                      Conjuration/Transmutation    5
Miscellaneous
 o - a lightning rod (4/4)
 s - a box of beasts
 z - a fan of gales
 B - a phial of floods
 G - a crystal ball of energy
 N - 2 phantom mirrors
 Y - a sack of spiders
Comestibles
 g - 24 rations


   Skills:
 + Level 14.1(18.7) Fighting
 + Level 16.9(21.8) Short Blades
 + Level 4.7(14.7) Long Blades
 + Level 14.1(19.9) Slings
 + Level 9.3(16.5) Throwing
 + Level 21.2(25.6) Dodging
 + Level 24.1(26.4) Stealth
 + Level 7.4(12.0) Shields
 + Level 9.6(9.2) Spellcasting
 * Level 14.8(14.4) Hexes
 + Level 9.1(8.7) Charms
 + Level 0.6(0.3) Summonings
 + Level 10.0(9.6) Translocations
   Level 9.7(9.3) Transmutations
 + Level 6.0(5.6) Ice Magic
 * Level 11.2(10.8) Earth Magic
 - Level 7.8(7.4) Invocations
 + Level 9.0(8.7) Evocations


You had 2 spell levels left.
You knew the following spells:

 Your Spells              Type           Power        Failure   Level  Hunger
a - Confuse               Hex            #####...     1%          3    #......
b - Corona                Hex            #####..      1%          1    None
c - Slow                  Hex            #####...     1%          2    None
d - Cause Fear            Hex            #####.....   1%          4    ###....
e - Ensorcelled Hibernat  Hex/Ice        ####..       1%          2    None
f - Tukima's Dance        Hex            #####...     1%          3    #......
g - Dazzling Spray        Conj/Hex       ####..       1%          3    #......
h - Apportation           Tloc           ####..       1%          1    None
i - Freeze                Ice            ###.         1%          1    None
j - Portal Projectile     Hex/Tloc       #####.       1%          3    #......
k - Summon Butterflies    Summ           #.......     10%         1    None
l - Shroud of Golubria    Chrm/Tloc      ####......   1%          2    None
m - Song of Slaying       Chrm           ####....     1%          2    None
n - Spectral Weapon       Hex/Chrm       #####...     1%          3    #......
o - Leda's Liquefaction   Hex/Erth       #####.....   1%          4    ###....
p - Blink                 Tloc           N/A          1%          2    None
q - Summon Guardian Gole  Hex/Summ       ####....     1%          3    #......


Dungeon Overview and Level Annotations

Branches:
Dungeon (15/15)            Temple (1/1) D:6            Lair (6/6) D:10
 Shoals (4/4) Lair:4        Snake (4/4) Lair:4        Slime (0/5) Lair:6
    Orc (2/2) D:10            Elf (0/3) Orc:2        Vaults (4/5) D:13
  Crypt (0/3) Vaults:3     Depths (5/5) D:15
    Zot: Depths:5

Altars:
Ashenzari
Cheibriados
Dithmenos
Elyvilon
Fedhas
Gozag
Hepliaklqana
Kikubaaqudgha
Makhleb
Nemelex Xobeh
Okawaru
Qazlal
Ru
Sif Muna
Trog
Uskayaw
Vehumet
Wu Jian
Xom
Yredelemnul
Zin
The Shining One
Jiyva

Shops:
D:5 [   Orc:1 [   Orc:2 !%?(   Shoals:1 !   Shoals:3 *   Vaults:1 ?:!
Vaults:4 (

Portals:
Hell: Depths:1 Depths:2 Depths:3 Depths:4
Abyss: Depths:1 Depths:3 Depths:4
Pandemonium: Depths:1 Depths:3
Ziggurat: Depths:3

Annotations:
D:14 exclusion: ice statue
D:15 exclusion: Roxanne, Roxanne
Lair:5 exclusion: 3 oklob plants
Snake:4 Tang's ghost, adept KoBe
Vaults:2 exclusion: obsidian statue
Depths:3 2 runed doors
Depths:4 1 transporter


Innate Abilities, Weirdness & Mutations

You are very small and have problems with some larger weapons.
You are too small for most types of armour.
You have supernaturally acute eyesight. (SInv)
You are a herbivore.
You cover ground extremely quickly.
You need consume almost no food.
Armour fits poorly on your strangely shaped body.


Message History

The power of Zot is invoked against you!
Something turns its malign attention towards you...
The fire giant gestures at you while chanting.
The fireball explodes!
The fireball engulfs your butterfly.
Your butterfly dies!
The fireball engulfs the fire giant.
The fire giant resists.
The fireball engulfs you! The tengu reaver casts a spell at you.
Helpless, you fail to dodge the bolt of magma.
* * * LOW HITPOINT WARNING * * *
A soul eater comes into view.
You hear a loud "Zot"! x2
The yaktaur captain wields an arbalest.
The yaktaur captain shoots a bolt.
The bolt completely misses you.
You hear a distant "Zot"!
The tengu reaver points at you and mumbles some strange words.
The bolt of magma misses you. The soul eater hits you!
* * * LOW HITPOINT WARNING * * *
You feel drained.
You die...

^##^# #......... ....#
#.......## ####
##.#..#### #####...#.
##$^=# ..^^#^.^..# #.....
##.%.#
^u(#^^^#.^.#########.....
##$^)+
...C*#^#..^###..##...>...
##©(^#
^.c#D^^.^.©###©..#......#
##$^[+
^.u..#.#C.^###.........#.
##.$^#
#c§.#@^^############.#
##=^=# #*Q^3b# ##.## ####
#.c#### ##.## #....^.##
##.## ##^##.## #.## ##
###


You could see a fire giant, a tengu reaver, a yaktaur captain, a soul eater and
a battlesphere (wandering).

Vanquished Creatures
  Mennas (Depths:4)
  2 juggernauts
  Frederick (Vaults:3)
  Saint Roka (Depths:1)
  Vashnia (Snake:3)
  A caustic shrike (Depths:3)
  3 golden dragons (Depths:3)
  Jory (Depths:2)
  A lich (Depths:3)
  Jorgrun (Depths:3)
  Asterion (Depths:2)
  A kraken (Shoals:3)
  A quicksilver dragon (Depths:3)
  2 titans (Depths:3)
  8 sphinxes
  Donald (Vaults:4)
  Kirke (Snake:3)
  Ilsuiw (Shoals:4)
  Agnes (Snake:3)
  5 storm dragons (Depths:3)
  8 fire giants
  7 tengu reavers
  9 nagarajas
  2 deep elf sorcerers
  An iron dragon (Depths:3)
  10 frost giants
  8 vault wardens
  2 ghost moths (Depths:2)
  A balrug (Depths:4)
  Louise (D:15)
  Aizul (Vaults:1)
  3 spriggan defenders (Depths:3)
  11 ironheart preservers
  2 entropy weavers (Vaults:3)
  13 very ugly things
  A war gargoyle (Vaults:3)
  20 stone giants
  5 vampire knights
  Nessos (Lair:5)
  A deep elf annihilator (Vaults:4)
  Azrael (Orc:2)
  6 spark wasps (Depths:3)
  11 merfolk impalers
  An eidolon (Vaults:3)
  4 merfolk javelineers (Shoals:4)
  13 ettins
  Josephine (Lair:5)
  14 great orbs of eyes
  16 yaktaur captains
  12 fire dragons
  A minotaur (Lab)
  23 ogre magi
  6 rakshasas
  13 hydras
  Harold (Lair:4)
  5 vault guards
  Fannar (D:10)
  12 ice dragons
  18 anacondas
  3 alligator snapping turtles
  8 merfolk avatars
  6 spriggan air magi (Depths:3)
  24 naga warriors
  18 centaur warriors
  Erica (D:8)
  3 death knights
  4 catoblepae
  6 merfolk aquamancers
  4 satyrs
  7 deep troll shamans
  The ghost of oholoko the Quickloader, a journeyman KoHu of Uskayaw (Orc:1)
  6 deep troll earth magi
  5 spriggan berserkers
  6 tengu warriors
  59 two-headed ogres
  4 vampire magi
  An orc high priest (Orc:2)
  7 shock serpents
  2 deep elf knights (Vaults:3)
  Sonja (Orc:2)
  16 naga sharpshooters
  8 shadow wraiths
  A spark wasp zombie (Depths:2)
  19 hell knights
  2 sun demons (Depths:4)
  A death drake (shapeshifter) (Depths:3)
  14 sea snakes
  6 salamander mystics
  A glowing orange brain (shapeshifter) (Depths:1)
  9 glowing orange brains
  7 flayed ghosts
  A swamp dragon (Lair:6)
  An unseen horror (shapeshifter) (Vaults:3)
  8 wizards
  11 naga ritualists
  10 deep trolls
  4 deep elf archers
  9 necromancers
  A wolf spider zombie (D:15)
  8 deep elf magi
  12 ironbrand convokers
  5 lindwurms
  19 harpies
  5 phantasmal warriors
  An orb spider (shapeshifter) (Vaults:3)
  6 orc knights
  A shadow dragon skeleton (Depths:2)
  2 stone giant zombies (Vaults:4)
  A salamander (shapeshifter) (Vaults:2)
  8 mana vipers
  5 wolf spiders
  12 manticores
  2 orc sorcerers
  43 ugly things
  A manticore (shapeshifter) (Depths:2)
  5 elephants (Lair:1)
  12 salamanders
  12 fauns
  A fire giant zombie (Depths:2)
  8 cyclopes
  A frost giant skeleton (Depths:2)
  A guardian serpent (shapeshifter) (Depths:3)
  43 black mambas
  13 merfolk sirens
  19 naga magi
  A gargoyle (D:15)
  12 guardian serpents
  13 vault sentinels
  4 water nymphs
  A storm dragon simulacrum (Vaults:3)
  12 spiny frogs
  3 efreet
  5 rime drakes
  10 komodo dragons
  3 kobold demonologists
  64 yaktaurs
  5 freezing wraiths
  A torpor snail (Lair:6)
  2 komodo dragons (shapeshifter) (Vaults:4)
  3 tengu conjurers
  43 merfolk
  3 meliai (D:15)
  2 wind drakes
  2 jumping spiders (Vaults:3)
  A polar bear (IceCv)
  3 hornets
  36 slime creatures
  A dream sheep (shapeshifter) (Vaults:1)
  8 trolls
  9 blink frogs
  13 hippogriffs
  A meliai zombie (D:13)
  11 snapping turtles
  Sigmund (D:4)
  A centaur simulacrum (D:15)
  5 dream sheep
  14 water elementals
  4 redbacks
  A redback (shapeshifter) (Vaults:1)
  6 wyverns
  A vampire (D:14)
  15 wraiths
  7 shadows
  5 fire elementals
  12 basilisks
  35 yaks
  2 steam dragons
  A yaktaur simulacrum (Vaults:3)
  16 vampire mosquitoes
  3 hungry ghosts
  A deep troll zombie (Vaults:4)
  4 wargs (Orc:2)
  A soldier ant (shapeshifter) (Vaults:2)
  Edmund (D:6)
  A soldier ant (D:10)
  51 nagas
  3 acid dragons
  3 hell hounds
  A floating eye (Depths:3)
  Duvessa (D:7)
  20 water moccasins
  A deep troll skeleton (Vaults:1)
  A water moccasin (shapeshifter) (Vaults:3)
  10 porcupines
  22 orc warriors
  3 black bears (D:10)
  3 ice beasts
  6 sky beasts
  A black bear (shapeshifter) (Vaults:3)
  3 swamp drakes (Lair:6)
  2 eyes of draining
  A phantom (D:6)
  An elf zombie (Vaults:4)
  68 ogres
  4 human zombies
  8 boggarts
  12 crocodiles
  A wolf (shapeshifter) (Depths:1)
  5 wolves
  26 centaurs
  An orc skeleton (Vaults:1)
  A big kobold (D:14)
  A yaktaur zombie (Vaults:1)
  A big kobold (shapeshifter) (Vaults:3)
  20 bullfrogs
  Dowan (D:7)
  11 scorpions
  A wyvern skeleton (D:9)
  4 killer bees (D:9)
  4 wights (D:4)
  2 vampire bats (D:8)
  5 howler monkeys
  An electric eel (Lair:2)
  10 crimson imps
  2 bullfrog zombies
  2 centaur zombies
  A quasit (D:9)
  13 orc priests
  9 hounds
  4 centaur skeletons
  Crazy Yiuf (D:6)
  8 jellies
  37 orc wizards
  3 bullfrog skeletons
  Natasha (D:4)
  5 iguanas
  7 worker ants
  A hound zombie (D:6)
  3 hound skeletons
  A worker ant zombie (D:6)
  16 gnolls
  20 adders
  4 shadow imps
  7 oozes
  2 adder zombies
  2 adder skeletons
  2 worms
  A dart slug (D:2)
  6 leopard geckos
  95 orcs
  12 bats
  3 bat skeletons (D:8)
  3 bat zombies (D:8)
  10 giant cockroaches
  4 goblins
  8 hobgoblins
  14 jackals
  4 quokkas
  2 ball pythons
  4 frilled lizards
  A jackal zombie (D:5)
  16 kobolds
  2 quokka skeletons
  2 quokka zombies
  11 rats
  2 plants
  2 tentacles (Shoals:3)
1934 creatures vanquished.

Vanquished Creatures (collateral kills)
  Mara (Snake:4)
  A sphinx (Depths:5)
  A freezing wraith (Vaults:3)
  An orc (Orc:1)
4 creatures vanquished.

Vanquished Creatures (others)
  A fire giant (Depths:3)
  2 rakshasas
  A merfolk aquamancer (Shoals:4)
  A human (Snake:3)
  A bullfrog (D:14)
  An iguana (Lair:6)
  An orc (Orc:2)
  A giant cockroach (shapeshifter) (Depths:3)
  17 fungi
  30 plants
  A spectral weapon (Depths:5)
  19 tentacles (Shoals:3)
76 creatures vanquished.

Grand Total: 2014 creatures vanquished

Notes
Turn   | Place    | Note
-------+----------+-------------------------------------------
     0 | D:1      | Falco the Spriggan Assassin began the quest for the Orb.
     0 | D:1      | Reached XP level 1. HP: 10/10 MP: 2/2
    20 | D:1      | Reached skill level 6 in Stealth
    66 | D:1      | Reached XP level 2. HP: 6/14 MP: 3/3
  1001 | D:2      | Reached skill level 7 in Stealth
  1001 | D:2      | Reached XP level 3. HP: 18/18 MP: 4/4
  1863 | D:2      | Reached XP level 4. HP: 23/23 MP: 5/5
  3248 | D:3      | Reached XP level 5. HP: 13/26 MP: 6/6
  3715 | D:5      | Entered Level 5 of the Dungeon
  3715 | D:5      | Found Xeapych's Armour Boutique.
  3944 | D:5      | Found a deep blue altar of Sif Muna.
  4173 | D:5      | Noticed a centaur
  4215 | D:6      | Reached XP level 6. HP: 25/31 MP: 7/7
  4501 | D:6      | Reached skill level 8 in Stealth
  4591 | D:6      | Noticed Edmund
  4621 | D:6      | Killed Edmund
  4621 | D:6      | HP: 1/32 [iguana (14)]
  5096 | D:4      | Noticed Sigmund
  5479 | D:6      | Found a staircase to the Ecumenical Temple.
  5491 | Temple   | Entered the Ecumenical Temple
  5755 | Temple   | Became a worshipper of Warmaster Okawaru
  5808 | D:8      | Reached XP level 7. HP: 10/35 MP: 8/8
  5997 | D:8      | Noticed a two-headed ogre
  6006 | D:8      | Noticed a two-headed ogre
  6140 | D:7      | Reached skill level 9 in Stealth
  6516 | D:7      | Reached skill level 5 in Short Blades
  6552 | D:7      | Reached * piety under Okawaru
  6552 | D:7      | Reached skill level 5 in Dodging
  6715 | D:7      | Found a shattered altar of Ashenzari.
  6715 | D:7      | Noticed Duvessa
  6716 | D:7      | Noticed Dowan
  6717 | D:7      | Reached XP level 8. HP: 40/40 MP: 9/9
  6875 | D:7      | Killed Duvessa
  6884 | D:7      | Killed Dowan
  7011 | D:7      | Found a sacrificial altar of Ru.
  7092 | D:7      | Noticed a white ugly thing
  7104 | D:7      | Reached skill level 10 in Stealth
  7294 | D:7      | Found a hazy altar of Hepliaklqana.
  7305 | D:7      | Found a stormy altar of Qazlal.
  7305 | D:7      | Found a shadowy altar of Dithmenos.
  7427 | D:7      | Reached ** piety under Okawaru
  8057 | D:6      | Reached XP level 9. HP: 45/45 MP: 10/10
  8191 | D:6      | Found a radiant altar of Vehumet.
  8308 | D:6      | Found a sparkling altar of Nemelex Xobeh.
  8621 | D:6      | Reached skill level 11 in Stealth
  8748 | D:6      | Found a runed door.
  8752 | D:6      | Noticed Crazy Yiuf
  8766 | D:6      | Killed Crazy Yiuf
  8994 | D:5      | Got a crystal mace {freeze}
  8995 | D:5      | Identified the +5 mace "Ahiumao" {freeze, MR++ Stlth-} (You took it off a crimson imp on level 5 of the Dungeon)
  9819 | D:4      | Noticed Natasha
  9826 | D:4      | Killed Natasha
  9826 | D:4      | Reached *** piety under Okawaru
  9944 | D:4      | Killed Sigmund
 10308 | D:4      | Reached skill level 1 in Slings
 10381 | D:4      | You fall through a shaft for 3 floors!
 10623 | D:8      | Reached skill level 12 in Stealth
 10717 | D:8      | Noticed a two-headed ogre
 10723 | D:8      | Noticed Erica
 10790 | D:8      | Received a gift from Okawaru
 10956 | D:8      | Found an ancient bone altar of Kikubaaqudgha.
 10961 | D:8      | Reached XP level 10. HP: 51/51 MP: 11/11
 11035 | D:8      | Killed a two-headed ogre
 11035 | D:8      | Reached **** piety under Okawaru
 11035 | D:8      | Received a gift from Okawaru
 11147 | D:8      | Killed a two-headed ogre
 11147 | D:8      | Reached skill level 10 in Short Blades
 11147 | D:8      | Reached skill level 13 in Stealth
 11186 | D:8      | Reached skill level 5 in Fighting
 11325 | D:8      | Killed a two-headed ogre
 11818 | D:9      | Reached skill level 14 in Stealth
 11931 | D:9      | Found a bloodstained altar of Trog.
 12032 | D:9      | Noticed a two-headed ogre
 12036 | D:9      | Killed a two-headed ogre
 12402 | D:9      | Found a snail-covered altar of Cheibriados.
 12403 | D:9      | Found a blossoming altar of Fedhas.
 12405 | D:9      | Found an ornate altar of the Wu Jian Council.
 12458 | D:10     | Entered Level 10 of the Dungeon
 12514 | D:10     | Reached ***** piety under Okawaru
 12514 | D:10     | Received a gift from Okawaru
 12518 | D:10     | Found a deep blue altar of Sif Muna.
 12530 | D:10     | Reached XP level 11. HP: 56/56 MP: 12/12
 12621 | D:10     | Found a staircase to the Orcish Mines.
 12648 | D:10     | Reached skill level 5 in Throwing
 12945 | D:10     | Found a staircase to the Lair.
 12984 | D:10     | Reached skill level 15 in Stealth
 13140 | D:10     | Noticed Fannar
 13801 | D:11     | Received a gift from Okawaru
 14327 | D:12     | Reached skill level 5 in Slings
 14913 | D:13     | Noticed a centaur warrior
 14922 | D:13     | Noticed a tengu warrior
 14925 | D:13     | Noticed a tengu warrior
 14929 | D:13     | Noticed a red ugly thing
 14932 | D:13     | Noticed a two-headed ogre
 14933 | D:13     | Noticed a deep elf mage
 14952 | D:13     | Killed a two-headed ogre
 14975 | D:13     | Killed a deep elf mage
 15012 | D:13     | Reached skill level 10 in Dodging
 15129 | D:13     | Killed a centaur warrior
 15129 | D:13     | Received a gift from Okawaru
 15129 | D:13     | Reached skill level 16 in Stealth
 15176 | D:13     | Noticed a two-headed ogre
 15181 | D:13     | Killed a two-headed ogre
 15181 | D:13     | Reached ****** piety under Okawaru
 15181 | D:13     | Received a gift from Okawaru
 15232 | D:13     | Reached XP level 12. HP: 51/62 MP: 13/13
 15308 | D:13     | Noticed a two-headed ogre
 15316 | D:13     | Killed a two-headed ogre
 15340 | D:13     | Noticed a yaktaur captain
 15354 | D:13     | Found a gate to the Vaults.
 15448 | D:13     | Noticed a two-headed ogre
 15488 | D:13     | Killed a two-headed ogre
 15576 | D:13     | Killed a tengu warrior
 15658 | D:13     | Killed a yaktaur captain
 15845 | D:13     | Killed a tengu warrior
 15871 | D:13     | Noticed a death knight
 15878 | D:13     | Killed a death knight
 15878 | D:13     | Reached skill level 17 in Stealth
 15878 | D:13     | Reached skill level 1 in Invocations
 16454 | Orc:1    | Entered Level 1 of the Orcish Mines
 16998 | Orc:2    | Entered Level 2 of the Orcish Mines
 17072 | Orc:1    | Noticed oholoko's ghost (journeyman KoHu)
 17094 | Orc:1    | Noticed a stone giant
 17370 | Orc:1    | Found Goowkag's Antique Armour Boutique.
 17512 | Orc:1    | Killed a stone giant
 17639 | Orc:2    | Noticed Azrael
 18064 | D:8      | Killed Erica
 18064 | D:8      | Received a gift from Okawaru
 18135 | Lair:1   | Entered Level 1 of the Lair of Beasts
 18301 | Lair:1   | Received a gift from Okawaru
 18366 | Lair:1   | Reached XP level 13. HP: 63/68 MP: 16/16
 18687 | Lair:1   | Learned a level 2 spell: Swiftness
 19431 | Lair:2   | Learned a level 1 spell: Corona
 19434 | Lair:2   | Learned a level 2 spell: Slow
 19546 | Lair:2   | Learned a level 6 spell: Hydra Form
 19705 | Lair:2   | Reached skill level 1 in Charms
 19717 | Lair:2   | Reached skill level 1 in Hexes
 19762 | Lair:2   | Reached skill level 1 in Transmutations
 19955 | Lair:2   | Found a frozen archway.
 19964 | IceCv    | Entered an ice cave
 20657 | Lair:3   | Received a gift from Okawaru
 20657 | Lair:3   | Reached skill level 18 in Stealth
 21676 | Lair:4   | Found a staircase to the Shoals.
 21700 | Lair:4   | Noticed Harold
 21712 | Lair:4   | Killed Harold
 21730 | Lair:4   | Found a staircase to the Snake Pit.
 22248 | Lair:5   | Found a labyrinth entrance.
 22253 | Lab      | Entered a labyrinth
 22669 | Lab      | Reached skill level 5 in Invocations
 22747 | Lab      | Noticed a minotaur
 22767 | Lab      | Killed a minotaur
 22767 | Lab      | Received a gift from Okawaru
 22772 | Lab      | Got brightly glowing quicksilver dragon scales
 22774 | Lab      | Got a wavering steel amulet
 22776 | Lab      | Identified the amulet "Zoqaisyb" {Spirit SInv} (You took it off a minotaur in a labyrinth)
 22962 | Lab      | Identified the quicksilver dragon scales of Sovereignty {rPois MR+ Str+3 Dex+3 Slay-4} (You took it off a minotaur in a labyrinth)
 22998 | Lab      | Identified the Tome of Displacement
 23104 | Lair:5   | Noticed Nessos
 23139 | Lair:5   | Killed Nessos
 23330 | Lair:5   | Noticed Josephine
 23414 | Lair:5   | Reached XP level 14. HP: 74/74 MP: 18/18
 23547 | Lair:5   | Reached skill level 5 in Charms
 23933 | Lair:5   | Killed Josephine
 24233 | Lair:6   | Entered Level 6 of the Lair of Beasts
 24241 | Lair:6   | Reached skill level 5 in Transmutations
 24759 | Lair:6   | Got a slimy spear
 24760 | Lair:6   | Identified the +9 spear "Jifa" {venom, rF+ Str+4} (You found it on level 6 of the Lair of Beasts)
 25455 | Lair:6   | Reached skill level 5 in Hexes
 25532 | Lair:6   | Found a viscous altar of Jiyva.
 25532 | Lair:6   | Found a staircase to the Slime Pits.
 25892 | Lair:6   | Received a gift from Okawaru
 26149 | Lair:6   | Reached skill level 19 in Stealth
 26897 | Lair:6   | Received a gift from Okawaru
 27252 | D:10     | Killed Fannar
 27715 | Orc:1    | Killed oholoko's ghost
 27892 | Orc:2    | Found Haehew's Magic Scroll Emporium.
 27892 | Orc:2    | Found Wiqef's Distillery.
 27894 | Orc:2    | Found Tirreuwa's Antique Weapon Shop.
 27894 | Orc:2    | Found Byoti's Food Emporium.
 28005 | Orc:2    | Reached XP level 15. HP: 70/78 MP: 15/21
 28125 | Orc:2    | Found a staircase to the Elven Halls.
 28196 | Orc:2    | Noticed Sonja
 28244 | Orc:2    | Killed Sonja
 28430 | Orc:2    | Received a gift from Okawaru
 28580 | Orc:2    | Killed Azrael
 29194 | Orc:2    | Bought a scroll of identify for 28 gold pieces
 29194 | Orc:2    | Bought a scroll of identify for 28 gold pieces
 29194 | Orc:2    | Bought a scroll of acquirement for 728 gold pieces
 29194 | Orc:2    | Bought 2 scrolls of enchant armour for 210 gold pieces
 29194 | Orc:2    | Bought a scroll of identify for 28 gold pieces
 29194 | Orc:2    | Bought a scroll of brand weapon for 280 gold pieces
 29194 | Orc:2    | Bought a scroll of identify for 28 gold pieces
 29203 | Orc:2    | Found the +2 robe of Vines {NoPotionHeal Regen+7}
 29235 | Orc:2    | Learned a level 2 spell: Ensorcelled Hibernation
 29827 | D:14     | Received a gift from Okawaru
 30411 | D:14     | Received a gift from Okawaru
 30904 | D:14     | Noticed a fire giant
 31080 | D:14     | Killed a fire giant
 31104 | D:14     | Received a gift from Okawaru
 31624 | D:14     | Found a portal to a secret trove of treasure.
 33070 | D:15     | Entered Level 15 of the Dungeon
 33181 | D:15     | Reached skill level 15 in Dodging
 33247 | D:15     | Received a gift from Okawaru
 33319 | D:15     | Noticed Louise
 33385 | D:15     | Killed Louise
 33385 | D:15     | Reached skill level 1 in Spellcasting
 33981 | D:15     | Found a staircase to the Depths.
 34017 | D:15     | Received a gift from Okawaru
 34111 | D:15     | Reached XP level 16. HP: 84/84 MP: 22/22
 34299 | D:15     | Noticed Roxanne
 34957 | Snake:1  | Entered Level 1 of the Snake Pit
 35537 | Lair:1   | Learned a level 3 spell: Confuse
 35542 | Lair:1   | Learned a level 4 spell: Cause Fear
 35546 | Lair:1   | Learned a level 3 spell: Tukima's Dance
 35550 | Lair:1   | Learned a level 3 spell: Dazzling Spray
 35906 | Snake:1  | Reached skill level 10 in Fighting
 35906 | Snake:1  | Reached skill level 20 in Stealth
 36354 | Snake:1  | Received a gift from Okawaru
 36466 | Snake:1  | Identified the Guide on Venom and the Glacier
 36653 | Snake:1  | Received a gift from Okawaru
 37992 | Lair:1   | Learned a level 1 spell: Apportation
 37994 | Lair:1   | Learned a level 1 spell: Freeze
 38513 | Snake:2  | Reached skill level 1 in Translocations
 39011 | Snake:3  | Reached skill level 1 in Ice Magic
 39099 | Snake:3  | Noticed Agnes
 39118 | Snake:3  | Killed Agnes
 39255 | Snake:3  | Reached skill level 21 in Stealth
 39410 | Snake:3  | Noticed Kirke
 39417 | Snake:3  | Killed Kirke
 39883 | Snake:3  | Reached skill level 1 in Evocations
 39902 | Snake:3  | Noticed Vashnia
 39974 | Snake:3  | Killed Vashnia
 39974 | Snake:3  | Reached XP level 17. HP: 68/90 MP: 17/24
 40463 | Snake:3  | Reached skill level 15 in Short Blades
 40654 | Snake:4  | Entered Level 4 of the Snake Pit
 40760 | Snake:4  | Noticed Mara
 40901 | Snake:4  | Reached skill level 5 in Spellcasting
 40996 | Snake:4  | Received a gift from Okawaru
 40999 | Snake:4  | Reached skill level 5 in Translocations
 41266 | Snake:4  | Received a gift from Okawaru
 41457 | Snake:4  | Noticed Falco's illusion
 41601 | Snake:4  | Noticed Falco's illusion
 41624 | Snake:4  | Killed Mara
 41673 | Snake:4  | Received a gift from Okawaru
 41822 | Snake:4  | Noticed Tang's ghost (adept KoBe)
 42850 | Lair:1   | Learned a level 3 spell: Portal Projectile
 42852 | Lair:1   | Learned a level 1 spell: Summon Butterflies
 43391 | Snake:4  | Reached skill level 5 in Evocations
 43980 | Snake:4  | Reached skill level 1 in Shields
 44002 | Snake:4  | Reached XP level 18. HP: 44/96 MP: 21/29
 44058 | Snake:4  | Received a gift from Okawaru
 44318 | Snake:4  | Received a gift from Okawaru
 44329 | Snake:4  | Got a serpentine rune of Zot
 44369 | Snake:4  | Received a gift from Okawaru
 44720 | Shoals:1 | Entered Level 1 of the Shoals
 44822 | Shoals:1 | Reached skill level 5 in Ice Magic
 45145 | Shoals:1 | Found Yckibbih's Distillery.
 45235 | Shoals:1 | Bought a potion of heal wounds for 75 gold pieces
 45235 | Shoals:1 | Bought a potion of resistance for 150 gold pieces
 45235 | Shoals:1 | Bought a potion of resistance for 150 gold pieces
 45235 | Shoals:1 | Bought a potion of might for 60 gold pieces
 45235 | Shoals:1 | Bought a potion of berserk rage for 75 gold pieces
 45235 | Shoals:1 | Bought a potion of might for 60 gold pieces
 45235 | Shoals:1 | Bought a potion of heal wounds for 75 gold pieces
 45684 | Shoals:2 | Received a gift from Okawaru
 45711 | Shoals:2 | Got a polished fustibalus {god gift}
 45714 | Shoals:2 | Identified the +0 fustibalus of the Horn {venom, rF+ Str+4} (Okawaru gifted it to you on level 2 of the Shoals)
 46104 | Shoals:2 | Learned a level 2 spell: Shroud of Golubria
 46107 | Shoals:2 | Learned a level 2 spell: Song of Slaying
 46111 | Shoals:2 | Learned a level 3 spell: Spectral Weapon
 46713 | Shoals:3 | Reached skill level 22 in Stealth
 46919 | Shoals:3 | Gained mutation: Armour fits poorly on your strangely shaped body. [mutagenic glow]
 47198 | Shoals:3 | Received a gift from Okawaru
 47255 | Shoals:3 | Found Ceodoq's Assorted Antiques.
 47914 | Shoals:4 | Entered Level 4 of the Shoals
 47928 | Shoals:4 | Noticed Ilsuiw
 48298 | Shoals:4 | Reached XP level 19. HP: 100/100 MP: 25/32
 48531 | Shoals:4 | Killed Ilsuiw
 48801 | Shoals:4 | Received a gift from Okawaru
 48940 | Shoals:4 | Identified the cursed +1 dagger of Immorality {flame, rC+ Int+4 Dex+4} (You found it on level 4 of the Shoals)
 49515 | D:14     | You paid a toll of a +7 demon trident to enter a treasure trove
 49516 | Trove    | Entered a treasure trove
 49546 | Trove    | Got a warped bone amulet
 49642 | Trove    | Got a bound ivory ring
 49649 | Trove    | Identified the amulet of Darkness {RegenMP +Fly rC- Int+2} (You found it in a treasure trove)
 49650 | Trove    | Identified the ring "Bonaih" {rF++ Dex+4 Stlth+} (You found it in a treasure trove)
 49920 | Lair:1   | Learned a level 4 spell: Leda's Liquefaction
 50335 | Shoals:4 | Reached skill level 1 in Earth Magic
 50354 | Shoals:4 | Got a barnacled rune of Zot
 50565 | Shoals:4 | Received a gift from Okawaru
 51850 | Vaults:1 | Entered Level 1 of the Vaults
 52721 | Vaults:1 | Noticed Aizul
 52817 | Vaults:1 | Killed Aizul
 53035 | Vaults:1 | Found Nineuty's Magic Scroll Emporium.
 53041 | Vaults:1 | Bought a scroll of enchant weapon for 127 gold pieces
 53041 | Vaults:1 | Bought a scroll of enchant armour for 127 gold pieces
 53041 | Vaults:1 | Bought a scroll of enchant armour for 127 gold pieces
 53041 | Vaults:1 | Bought a scroll of enchant armour for 127 gold pieces
 53069 | Vaults:1 | Found Qosorurph's Book Shoppe.
 53703 | Vaults:1 | Received a gift from Okawaru
 53707 | Vaults:1 | Got a steaming robe {god gift}
 53761 | Vaults:1 | Identified the +1 robe "Zufuilim" {rC+ Str+4} (Okawaru gifted it to you on level 1 of the Vaults)
 54465 | Vaults:1 | Found Nearoagg's Distillery.
 54825 | Vaults:1 | Reached XP level 20. HP: 106/106 MP: 34/34
 55189 | Vaults:2 | Reached skill level 10 in Slings
 55556 | Vaults:2 | Reached skill level 5 in Earth Magic
 56933 | Vaults:3 | Received a gift from Okawaru
 57237 | Vaults:3 | Found a staircase to the Crypt.
 57791 | Vaults:3 | Noticed Frederick
 57797 | Vaults:3 | Killed Frederick
 57797 | Vaults:3 | Received a gift from Okawaru
 57868 | Vaults:3 | Reached skill level 10 in Hexes
 58073 | Vaults:3 | Received a gift from Okawaru
 58717 | Vaults:3 | Received a gift from Okawaru
 58718 | Vaults:3 | Identified the +1 robe of the Teacher {*Drain +Fly rN+} (Okawaru gifted it to you on level 3 of the Vaults)
 59666 | Vaults:3 | Reached XP level 21. HP: 112/112 MP: 35/35
 60996 | Vaults:4 | Reached skill level 23 in Stealth
 61237 | Vaults:4 | Noticed Donald
 61243 | Vaults:4 | Killed Donald
 62204 | Vaults:4 | Found Voczysisk's Weapon Shoppe.
 62713 | Depths:1 | Entered Level 1 of the Depths
 63071 | Depths:1 | Got a vibrating tin ring
 63073 | Depths:1 | Identified the ring of Compulsion {rPois rC+++} (You found it on level 1 of the Depths)
 63498 | Depths:1 | Found a one-way gate to the infinite horrors of the Abyss.
 63704 | Depths:1 | Reached skill level 5 in Shields
 63768 | Depths:1 | Noticed Saint Roka
 63795 | Depths:1 | Killed Saint Roka
 63795 | Depths:1 | Received a gift from Okawaru
 63836 | Depths:1 | Noticed a juggernaut
 64062 | Depths:1 | Killed a juggernaut
 64062 | Depths:1 | Received a gift from Okawaru
 64277 | Depths:1 | Received a gift from Okawaru
 64278 | Depths:1 | Got a transparent quarterstaff {god gift}
 64359 | Depths:1 | Identified the +5 quarterstaff "Ygyerph" {elec, +Rage rN+ Str+4} (Okawaru gifted it to you on level 1 of the Depths)
 64728 | Depths:1 | Found a one-way gate leading to the halls of Pandemonium.
 65237 | Depths:1 | Found a gateway to Hell.
 65650 | Depths:2 | Reached XP level 22. HP: 118/118 MP: 33/36
 65823 | Depths:2 | Received a gift from Okawaru
 66055 | Depths:2 | Noticed Asterion
 66068 | Depths:2 | Killed Asterion
 66430 | Depths:2 | Found a glowing golden altar of the Shining One.
 66868 | Depths:2 | Noticed Jory
 67120 | Depths:2 | Reached skill level 10 in Translocations
 67389 | Depths:2 | Got a bloodstained scimitar {slice}
 67398 | Depths:2 | Identified the +8 scimitar "Heonuob" {slice, rPois rN+ MR++} (You took it off a vampire knight on level 2 of the Depths)
 68080 | Depths:2 | Killed Jory
 68080 | Depths:2 | Reached skill level 1 in Long Blades
 68125 | Depths:3 | Got an ancient golden ring
 68127 | Depths:3 | Identified the ring of Qudos {Int+2 Dex+3 SInv} (You found it on level 3 of the Depths)
 68189 | Depths:3 | Received a gift from Okawaru
 68395 | Depths:3 | Identified the Disquisition on Unstable Curses
 68422 | Depths:3 | Got a transparent flail
 68423 | Depths:3 | Identified the +0 flail of the Five Wonders {holy, rC+ Str+8 Dex-2} (You found it on level 3 of the Depths)
 68456 | Depths:3 | Got a pair of heavily runed gloves
 68487 | Depths:3 | Received a gift from Okawaru
 68529 | Depths:3 | Found a runed door.
 68708 | Depths:3 | Received a gift from Okawaru
 68738 | Depths:3 | Noticed a golden dragon
 68783 | Depths:3 | Killed a golden dragon
 68873 | Depths:3 | Received a gift from Okawaru
 68904 | Depths:3 | Identified the +4 pair of gloves "Verphehi" {MR+} (You found it on level 3 of the Depths)
 69058 | Depths:3 | Noticed Jorgrun
 69061 | Depths:3 | Killed Jorgrun
 69476 | Depths:3 | Noticed a golden dragon
 69518 | Depths:3 | Paralysed by a floating eye for 3 turns
 69534 | Depths:3 | Paralysed by a floating eye for 2 turns
 69551 | Depths:3 | Killed a golden dragon
 69551 | Depths:3 | Reached XP level 23. HP: 119/119 MP: 31/37
 69794 | Depths:3 | Reached skill level 10 in Earth Magic
 70060 | Depths:3 | Found a gateway to a ziggurat.
 70760 | Depths:3 | Received a gift from Okawaru
 70855 | Depths:3 | Found the +8 trident of the Octopus King {venom, rElec rPois MR+}
 71028 | Depths:3 | Received a gift from Okawaru
 71041 | Depths:3 | Found a runed door.
 71041 | Depths:3 | Found a runed door.
 71041 | Depths:3 | Noticed a caustic shrike
 71046 | Depths:3 | Killed a caustic shrike
 71075 | Depths:3 | Found a runed door.
 71104 | Depths:3 | Found a runed door.
 71167 | Depths:3 | Received a gift from Okawaru
 71337 | Depths:3 | Noticed a juggernaut
 71440 | Depths:3 | Reached skill level 24 in Stealth
 71452 | Depths:3 | Killed a juggernaut
 71524 | Depths:3 | Found a runed door.
 72488 | Lair:1   | Learned a level 2 spell: Blink
 72492 | Lair:1   | Learned a level 3 spell: Summon Guardian Golem
 72740 | Depths:4 | Received a gift from Okawaru
 72817 | Depths:4 | Noticed Mennas
 72826 | Depths:4 | Killed Mennas
 72852 | Depths:4 | Found a transporter.
 73201 | Depths:4 | Identified the Almanac of the Frigorific Arsonist
 73257 | Depths:5 | Entered Level 5 of the Depths
 73427 | Depths:5 | Reached XP level 24. HP: 129/129 MP: 37/37
 73962 | Depths:4 | Found a transporter.
 74586 | Depths:4 | Paralysed by the power of Zot for 5 turns
 74586 | Depths:4 | HP: 7/144 [tengu reaver/bolt of magma (41)]
 74587 | Depths:4 | HP: 2/144 [soul eater[the power of Zot] (9)]
 74587 | Depths:4 | Slain by a soul eater

Skill      XL: |  1  2  3  4  5  6  7  8  9 10 11 12 13 14 15 16 17 18 19 20 21 22 23 24 |
---------------+-------------------------------------------------------------------------+-----
Stealth        | 6 7 8 9 10 12 14 16 17 18 19 21 22 23 24 | 24.1
Dodging        | 2 3 4 5 6 7 8 10 12 14 15 16 17 18 19 20 21 | 21.2
Throwing       | 3 4 5 6 7 8 9 |  9.3
Fighting       | 2 3 4 5 6 7 8 9 10 11 12 13 14 | 14.1
Short Blades   | 3 4 5 8 9 10 12 13 14 15 16 | 16.9
Slings         | 4 5 6 7 9 12 13 14 | 14.1
Invocations    | 3 5 7 |  7.8
Charms         | 4 7 8 9 |  9.1
Hexes          | 3 6 8 10 12 13 14 | 14.8
Transmutations | 4 6 9 |  9.7
Spellcasting   | 1 4 6 8 9 |  9.6
Translocations | 4 7 9 10 | 10.0
Ice Magic      | 2 4 5 6 |  6.0
Evocations     | 1 5 8 9 |  9.0
Shields        | 1 2 3 4 5 6 7 |  7.4
Earth Magic    | 4 6 8 9 11 | 11.2
Long Blades    | 3 4 |  4.7
Summonings     | |  0.6

Action                   |  1- 3 |  4- 6 |  7- 9 | 10-12 | 13-15 | 16-18 | 19-21 | 22-24 || total
-------------------------+-------+-------+-------+-------+-------+-------+-------+-------++-------
Melee: Dagger            |   112 |   141 |       |       |       |       |     7 |       ||   260
       Short sword       |       |    80 |   576 |  1005 |  2237 |  2414 |  2584 |  2193 || 11089
       Punch             |       |       |       |     9 |    15 |    12 |       |       ||    36
       Quick blade       |       |       |       |       |   115 |       |       |       ||   115
       Scimitar          |       |       |       |       |       |       |       |   176 ||   176
 Fire: Blowgun           |    48 |    42 |     2 |    47 |    52 |     5 |       |     1 ||   197
       Hunting sling     |       |       |    36 |    17 |     5 |       |       |       ||    58
       Fustibalus        |       |       |       |       |    22 |   288 |  1525 |   127 ||  1962
Throw: Tomahawk          |       |       |       |     3 |    13 |   169 |    30 |    50 ||   265
 Cast: Corona            |       |       |       |       |     3 |       |       |     1 ||     4
       Ensorcelled Hiber |       |       |       |       |    11 |     1 |       |       ||    12
       Slow              |       |       |       |       |     1 |       |       |       ||     1
       Confuse           |       |       |       |       |       |     2 |       |       ||     2
       Cause Fear        |       |       |       |       |       |     4 |     3 |       ||     7
       Apportation       |       |       |       |       |       |     1 |       |     1 ||     2
       Hydra Form        |       |       |       |       |       |     1 |       |       ||     1
       Portal Projectile |       |       |       |       |       |     3 |     4 |     2 ||     9
       Summon Butterflie |       |       |       |       |       |     1 |    14 |     2 ||    17
       Shroud of Golubri |       |       |       |       |       |     3 |    14 |     5 ||    22
       Song of Slaying   |       |       |       |       |       |     3 |     8 |     4 ||    15
       Dazzling Spray    |       |       |       |       |       |     1 |     1 |       ||     2
       Leda's Liquefacti |       |       |       |       |       |       |     5 |     2 ||     7
       Spectral Weapon   |       |       |       |       |       |       |     3 |     1 ||     4
       Summon Guardian G |       |       |       |       |       |       |       |     4 ||     4
       Blink             |       |       |       |       |       |       |       |     1 ||     1
Invok: Heroism           |       |       |       |     8 |    20 |    14 |    13 |    13 ||    68
       Finesse           |       |       |       |     2 |    21 |    19 |    19 |    15 ||    76
 Abil: End Transformatio |       |       |       |       |       |     1 |       |       ||     1
       Evoke Invisibilit |       |       |       |       |       |    10 |     8 |       ||    18
Evoke: Wand              |       |       |       |       |       |     1 |     1 |       ||     2
       Fan of gales      |       |       |       |       |       |     1 |     1 |     2 ||     4
       Box of beasts     |       |       |       |       |       |       |     1 |     1 ||     2
       Sack of spiders   |       |       |       |       |       |       |       |     2 ||     2
  Use: Scroll            |       |     4 |     9 |    12 |    29 |    27 |    19 |    18 ||   118
       Potion            |       |     2 |       |     7 |    12 |       |     2 |     8 ||    31
 Stab: Sleeping          |     9 |    14 |    31 |    39 |    73 |    82 |    58 |    49 ||   355
       Distracted        |       |     1 |     4 |    10 |    15 |    11 |     6 |    16 ||    63
       Petrifying        |       |       |       |       |     2 |       |       |       ||     2
       Petrified         |       |       |       |       |     1 |       |       |       ||     1
       Invisible         |       |       |       |       |       |     7 |     5 |       ||    12
  Eat: Ration            |       |     2 |     2 |     6 |    10 |    12 |    12 |     7 ||    51
Armor: Robe              |    19 |    23 |    27 |    38 |   114 |    92 |    86 |    58 ||   457
Dodge: Dodged            |   113 |   200 |   324 |   572 |  1564 |  1517 |  1564 |  1076 ||  6930
Block: Buckler           |       |       |       |       |       |   320 |   891 |   670 ||  1881
       Rpst.: Scimitar   |       |       |       |       |       |       |       |    27 ||    27
